AoeStats
← BuFu1

Black Forest

510246879Analyzed
4v4 RM · 2d ago on Sep 30, 2026· 31m 1s· 8 players
Game mode
Random Map
Map size
Large (8 player)
Population
200
Speed
Normal
Resources
Standard
Victory
Conquest
Starting age
Dark Age
Ending age
Imperial Age
RankedLock teamsTeams togetherTeam positionsShared explorationLock speedFull tech treeHidden civsTurbo modeCheats
Victory
Defeat
🇺🇸 Khmer · United States
1387
+12
🇺🇸 Britons · United States
1386
+12
🇺🇸 Romans · United States
1243
+18
🇺🇸 Bohemians · United States
1242
+18
🇹🇼 Japanese · Taiwan
1361
-17
1317
-16
🇦🇷 Mongols · Argentina
1261
-14
🇩🇪 Saxons · Germany
1244
-13
再讓我農一下
0:50 Loom
14:23 Feudal Age
14:55 Double-Bit Axe
15:51 Horse Collar
22:57 Castle Age
22:48 Fishing Lines
25:31 Bow Saw
26:10 Wheelbarrow
28:30 Imperial Age
29:06 Fletching
29:14 Crossbowman
31:09 Thumb Ring
30:24 Arbalester
种田玩家打队友别打我
8:00 Loom
11:45 Feudal Age
12:41 Double-Bit Axe
20:05 Castle Age
[ATARB]PELUCHE GUACHIN
12:36 Feudal Age
15:50 Double-Bit Axe
17:15 Gold Mining
20:28 Castle Age
24:57 Imperial Age
22:32 Fletching
23:50 Gold Shaft Mining
26:08 Capped Ram
pro_backseatgamer
1:06 Loom
14:10 Feudal Age
16:39 Man-at-Arms
18:02 Town Watch
19:03 Arson
23:01 Wheelbarrow
22:50 Double-Bit Axe
23:03 Horse Collar
28:30 Castle Age
26:50 Scale Mail Armor
28:55 Forging
BuFu1
0:40 Loom
12:34 Feudal Age
16:56 Castle Age
17:42 Double-Bit Axe
19:45 Wheelbarrow
21:59 Fishing Lines
23:37 Town Watch
27:18 Gold Mining
27:24 Stone Mining
27:42 Horse Collar
28:39 Gold Shaft Mining
28:23 Bow Saw
30:34 Hand Cart
30:27 Heavy Plow
34:00 Imperial Age
3feng_2026
1:13 Loom
12:05 Feudal Age
15:49 Castle Age
14:30 Double-Bit Axe
20:09 Town Watch
21:47 Wheelbarrow
Libra
11:34 Feudal Age
15:13 Castle Age
14:13 Double-Bit Axe
14:10 Horse Collar
16:18 Bow Saw
16:45 Heavy Plow
21:27 Fervor
22:58 Wheelbarrow
23:10 Loom
28:11 Imperial Age
27:07 Gold Mining
27:08 Stone Mining
29:12 Gold Shaft Mining
29:00 Scale Barding Armor
29:26 Hand Cart
28:36 Light Cavalry
29:35 Forging
29:38 Bloodlines
29:28 Husbandry
29:36 Hussar
31:15 Chain Barding Armor
31:34 Iron Casting
Thrillho
11:54 Feudal Age
12:45 Double-Bit Axe
12:42 Horse Collar
15:42 Castle Age
16:00 Wheelbarrow
18:57 Heavy Plow
23:11 Fervor
28:12 Imperial Age
27:33 Chemistry
26:56 Hand Cart
26:28 Loom
26:58 Bow Saw
28:19 Houfnice
28:25 Pikeman
29:10 Scale Mail Armor
29:21 Forging
29:49 Siege Engineers
29:51 Padded Archer Armor
29:51 Halberdier
31:04 Conscription
31:32 Wagenburg Tactics
Connection lost

Rejoining the realm…

Still unreachable

The connection could not be restored.

Session expired

The server has moved on; the page needs a fresh start.